% Time on Ice - SAN DIEGO THUNDER
Lines # - Real PCT - Wanted PCT - Time Play
Normal Forward
1 - 36% - 34% - 16:06
2 - 28% - 31% - 12:37
3 - 28% - 25% - 12:50
4 - 8% - 10% - 3:46
Normal Defense
1 - 34% - 34% - 15:32
2 - 34% - 32% - 15:33
3 - 27% - 24% - 12:06
4 - 5% - 10% - 2:08
PP Forward
1 - 65% - 55% - 3:50
2 - 35% - 45% - 2:04
PP Defense
1 - 55% - 55% - 3:13
2 - 45% - 45% - 2:41
PK Forward
1 - 57% - 55% - 4:31
2 - 43% - 45% - 3:25
PK Defense
1 - 59% - 55% - 4:41
2 - 41% - 45% - 3:15
PK3 Forward
1 - 0% - 55%
2 - 0% - 45%
PK3 Defense
1 - 0% - 55%
2 - 0% - 45%
44 Forward
1 - 86% - 55% - 0:44
2 - 14% - 45% - 0:07
44 Defense
1 - 86% - 55% - 0:44
2 - 14% - 45% - 0:07
Last Minute Offensive  - 0:00
Last Minute Defensive  - 0:00
Total
Forward - 60:00
Defense - 60:00
% Time on Ice - NORTH DAKOTA HAWKS
Lines # - Real PCT - Wanted PCT - Time Play
Normal Forward
1 - 24% - 30% - 10:41
2 - 31% - 27% - 13:53
3 - 15% - 22% - 6:35
4 - 31% - 21% - 14:10
Normal Defense
1 - 36% - 36% - 16:19
2 - 32% - 33% - 14:17
3 - 29% - 20% - 13:00
4 - 4% - 11% - 1:43
PP Forward
1 - 50% - 65% - 3:56
2 - 50% - 35% - 4:00
PP Defense
1 - 67% - 65% - 5:17
2 - 33% - 35% - 2:39
PK Forward
1 - 58% - 55% - 3:24
2 - 42% - 45% - 2:30
PK Defense
1 - 58% - 55% - 3:26
2 - 42% - 45% - 2:28
PK3 Forward
1 - 0% - 55%
2 - 0% - 45%
PK3 Defense
1 - 0% - 55%
2 - 0% - 45%
44 Forward
1 - 100% - 55% - 0:51
2 - 0% - 45% - 0:00
44 Defense
1 - 0% - 55% - 0:00
2 - 100% - 45% - 0:51
Last Minute Offensive  - 0:00
Last Minute Defensive  - 0:00
Total
Forward - 60:00
Defense - 60:00
Play-by-Play 1st period 0:01 of 1st period - Nic Dowd wins face-off versus Bo Horvat in neutral zone. 0:01 of 1st period - Brendan Gallagher is hit by Bo Horvat and loses puck. 0:11 of 1st period - Brendan Gallagher is hit by Patrik Nemeth and loses puck. 0:17 of 1st period - Brendan Gallagher is hit by Charles McAvoy and loses puck. 0:21 of 1st period - Brendan Gallagher is hit by Patrik Nemeth and loses puck. 0:34 of 1st period - Minor Penalty to Patrik Nemeth for Hooking. 0:35 of 1st period - Pierre-Edouard Bellemare wins face-off versus Michael Raffl in SAN DIEGO THUNDER zone. 1:11 of 1st period - Shot by Brenden Dillon. 1:11 of 1st period - Shot Misses the Net. 2:25 of 1st period - Shot by Brendan Leipsic. 2:25 of 1st period - Shot Blocked by Radko Gudas. 2:39 of 1st period - Shot by Derek Grant. 2:39 of 1st period - Shot Blocked by Charles McAvoy. 4:07 of 1st period - Shot by Corey Perry. 4:07 of 1st period - Shot Misses the Net. 5:12 of 1st period - Shot by Brendan Leipsic. 5:12 of 1st period - Shot Blocked by Charles McAvoy. 5:54 of 1st period - Shot by Jared McCann. 5:54 of 1st period - Stopped by Eric Comrie with a rebound. 5:56 of 1st period - Shot by Josh Anderson. 5:56 of 1st period - Stopped by Eric Comrie with a rebound. 6:00 of 1st period - Shot by Mikael Granlund. 6:00 of 1st period - Stopped by Eric Comrie with a rebound. 6:02 of 1st period - Shot by Radko Gudas. 6:02 of 1st period - Stopped by Eric Comrie with a rebound. 6:11 of 1st period - Icing by Phil Varone. 6:12 of 1st period - Pierre-Edouard Bellemare wins face-off versus Brendan Leipsic in NORTH DAKOTA HAWKS zone. 6:24 of 1st period - Evander Kane is hit by Johnny Boychuk and loses puck. 7:03 of 1st period - Icing by Josh Manson. 7:04 of 1st period - Pierre-Edouard Bellemare wins face-off versus Derek Grant in SAN DIEGO THUNDER zone. 7:04 of 1st period - Pierre-Edouard Bellemare is hit by Michael Raffl. 7:12 of 1st period - Shot by Derek Grant. 7:12 of 1st period - Stopped by Laurent Brossoit without a rebound. 7:13 of 1st period - Mikael Granlund wins face-off versus Logan Brown in SAN DIEGO THUNDER zone. 7:18 of 1st period - Dougie Hamilton is hit by Josh Anderson and loses puck. 8:23 of 1st period - Shot by Nikita Kucherov. 8:23 of 1st period - Shot Blocked by Ryan Carpenter. 8:24 of 1st period - Minor Penalty to Marc Methot for Hooking. 8:25 of 1st period - Bo Horvat wins face-off versus Corey Perry in NORTH DAKOTA HAWKS zone. 10:07 of 1st period - Shot by Nikita Kucherov. 10:07 of 1st period - Stopped by Eric Comrie with a rebound. 10:09 of 1st period - Shot by Charles McAvoy. 10:09 of 1st period - Stopped by Eric Comrie with a rebound. 10:11 of 1st period - Shot by Matt Benning. 10:11 of 1st period - Shot Misses the Net. 12:13 of 1st period - Shot by David Perron. 12:13 of 1st period - Stopped by Eric Comrie without a rebound. 12:14 of 1st period - Logan Brown wins face-off versus Bo Horvat in NORTH DAKOTA HAWKS zone. 12:14 of 1st period - Logan Brown is hit by Bo Horvat. 13:28 of 1st period - Shot by Mikael Granlund. 13:28 of 1st period - Shot Blocked by Brenden Dillon. 15:49 of 1st period - Lukas Radil is hit by Radko Gudas and loses puck. 16:00 of 1st period - Bo Horvat is hit by Logan Brown and loses puck. 16:05 of 1st period - Shot by Matthew Nieto. 16:05 of 1st period - Shot Misses the Net. 16:13 of 1st period - Corey Perry is hit by Connor Murphy and loses puck. 16:23 of 1st period - Matthew Nieto is hit by Radko Gudas and loses puck. 16:56 of 1st period - Shot by Brendan Gallagher. 16:56 of 1st period - Stopped by Laurent Brossoit with a rebound. 17:12 of 1st period - Shot by Josh Anderson. 17:12 of 1st period - Deflect By Mikael Granlund. 17:12 of 1st period - Shot Misses the Net. 17:26 of 1st period - Shot by Mikael Granlund. 17:26 of 1st period - Shot Misses the Net. 17:28 of 1st period - Shot by Josh Manson. 17:28 of 1st period - Shot Misses the Net. 17:30 of 1st period - Shot by Mikael Granlund. 17:30 of 1st period - Goal by Mikael Granlund - SAN DIEGO THUNDER : 1 - NORTH DAKOTA HAWKS : 0. 17:31 of 1st period - Brendan Leipsic wins face-off versus James Neal in neutral zone. 17:44 of 1st period - Brendan Leipsic is hit by Charles McAvoy and loses puck. 18:12 of 1st period - Off-side. 18:13 of 1st period - Derek Grant wins face-off versus Pierre-Edouard Bellemare in neutral zone. 18:13 of 1st period - Ryan Carpenter is hit by Evander Kane and loses puck. 18:23 of 1st period - Off-side. 18:24 of 1st period - Logan Brown wins face-off versus Mikael Granlund in neutral zone. 18:35 of 1st period - Off-side. 18:36 of 1st period - Bo Horvat wins face-off versus Nic Dowd in neutral zone. 18:46 of 1st period - Minor Penalty to Johnny Boychuk for Hooking. 18:47 of 1st period - Mikael Granlund wins face-off versus Corey Perry in NORTH DAKOTA HAWKS zone. 18:54 of 1st period - Shot by Evander Kane. 18:54 of 1st period - Goal by Evander Kane - SAN DIEGO THUNDER : 2 - NORTH DAKOTA HAWKS : 0. 18:55 of 1st period - Bo Horvat wins face-off versus Nic Dowd in neutral zone. 19:49 of 1st period - Mikael Granlund is hit by Logan Brown and loses puck. Goals for this period are 2 for SAN DIEGO THUNDER vs 0 for NORTH DAKOTA HAWKS. Shots for this period are 9 for SAN DIEGO THUNDER vs 2 for NORTH DAKOTA HAWKS. 2nd period 0:01 of 2nd period - Ryan Carpenter wins face-off versus Jared McCann in neutral zone. 0:30 of 2nd period - Shot by Mikael Granlund. 0:30 of 2nd period - Deflect By Josh Anderson. 0:30 of 2nd period - Shot Misses the Net. 0:38 of 2nd period - Shot by Mikael Granlund. 0:38 of 2nd period - Shot Blocked by Johnny Boychuk. 0:40 of 2nd period - Shot by Jared McCann. 0:40 of 2nd period - Stopped by Eric Comrie with a rebound. 1:00 of 2nd period - Shot by Pierre-Edouard Bellemare. 1:00 of 2nd period - Shot Misses the Net. 1:26 of 2nd period - Pierre-Edouard Bellemare is hit by Nic Dowd and loses puck. 2:18 of 2nd period - Shot by Nikita Kucherov. 2:18 of 2nd period - Shot Misses the Net. 2:23 of 2nd period - Matthew Nieto is hit by Josh Manson and loses puck. 2:27 of 2nd period - Matthew Nieto is hit by Matt Benning. 2:32 of 2nd period - Minor Penalty to Matt Benning for Hooking. 2:33 of 2nd period - Pierre-Edouard Bellemare wins face-off ve